 Dungeon Crawl Stone Soup version 0.27-a0-216-g1fbed8a51c (webtiles) character file.

Game seed: 9861698136190636242

35053 schets the Grappler (level 13, -7/150 HPs)
             Began as a Troll Chaos Knight on Jan 31, 2021.
             Was a Plaything of Xom.
             Killed by an exploding a human (48 damage)
             ... exploding inner flame
             ... on level 14 of the Dungeon.
             The game lasted 00:54:44 (17795 turns).

schets the Grappler (Troll Chaos Knight)           Turns: 17795, Time: 00:54:45

Health: -7/150     AC: 15    Str: 27      XL:     13   Next: 45%
Magic:  13/13      EV:  8    Int:  7 (8)  God:    Xom [...*..]
Gold:   1224       SH: 17    Dex: 13      Spells: 12/12 levels left

rFire    x . .     SeeInvis .     - Unarmed
rCold    + . .     Faith    .   z - +0 kite shield
rNeg     + . .     Spirit   .   f - +5 pearl dragon scales
rPois    +         Reflect  +   (helmet restricted)
rElec    .         Harm     .   (no cloak)
rCorr    .         Rampage  .   (gloves unavailable)
Will     .....                  (boots unavailable)
Stlth    ..........             w - amulet of reflection
HPRegen  0.75/turn              g - ring of poison resistance
MPRegen  0.13/turn              L - ring of ice

@: no status effects
A: large, unfitting armour, claws 3, hooves 1, horns 1, agile 2, blurry vision
1, deformed body, high mp 1, regeneration 1, robust 1, shaggy fur 1, tough skin
3
a: Renounce Religion


You were on level 14 of the Dungeon.
You worshipped Xom.
You were a favourite toy of Xom.
You visited 1 branch of the dungeon, and saw 14 of its levels.
You also visited: Sewer, Bailey and Ice Cave.

You collected 1345 gold pieces.
You spent 121 gold pieces at shops.

Inventory:

Missiles
 b - 6 large rocks (quivered)
 m - 52 poisoned darts
 y - 29 boomerangs
 A - 5 curare-tipped darts
 I - 2 javelins
Armour
 f - +5 pearl dragon scales (worn)
 z - a +0 kite shield (worn)
Jewellery
 g - a ring of poison resistance (left claw)
 w - an amulet of reflection (around neck)
 J - an uncursed ring of see invisible
 K - an uncursed ring of protection from fire
 L - a ring of ice (right claw)
Wands
 a - a wand of paralysis (8)
 r - a wand of flame (24)
 s - a wand of polymorph (13)
 v - a wand of digging (10)
 D - a wand of acid (20)
 E - a wand of charming (9)
 F - a wand of iceblast (12)
Scrolls
 c - 9 scrolls of remove curse
 e - 12 scrolls of amnesia
 h - 5 scrolls of fog
 i - 2 scrolls of fear
 l - a scroll of blinking
 n - 4 scrolls of identify
 o - 5 scrolls of teleportation
 t - a scroll of magic mapping
 C - 2 scrolls of immolation
Potions
 d - 5 potions of flight
 j - 4 potions of berserk rage
 k - 2 potions of brilliance
 q - 3 potions of cancellation
 u - 2 potions of heal wounds
 x - 2 potions of invisibility
 B - a potion of ambrosia
 G - a potion of haste
 H - a potion of magic
 N - a potion of might


   Skills:
 + Level 11.2 Fighting
 + Level 7.5 Throwing
 + Level 2.2 Armour
 - Level 1.9 Dodging
 - Level 9.0 Shields
 + Level 13.8 Unarmed Combat


You had 12 spell levels left.
You didn't know any spells.
Your spell library contained the following spells:

 Spells                   Type           Power        Failure   Level
 Animate Skeleton         Necr           0%           77%         1
 Apportation              Tloc           0%           77%         1
 Corona                   Hex            0%           77%         1
 Freeze                   Ice            0%           77%         1
 Sting                    Tmut/Pois      0%           77%         1
 Summon Small Mammal      Summ           0%           77%         1
 Ensorcelled Hibernation  Hex/Ice        0%           88%         2
 Poisonous Vapours        Pois/Air       0%           88%         2
 Confusing Touch          Hex            0%           98%         3
 Frozen Ramparts          Ice            0%           98%         3
 Gell's Gravitas          Tloc           0%           98%         3
 Ignite Poison            Fire/Tmut/Pois 0%           98%         3
 Mephitic Cloud           Conj/Pois/Air  0%           98%         3
 Olgreb's Toxic Radiance  Pois           0%           100%        4
 Petrify                  Tmut/Erth      0%           100%        4
 Summon Ice Beast         Ice/Summ       0%           100%        4
 Metabolic Englaciation   Hex/Ice        0%           100%        5
 Yara's Violent Unravell  Hex/Tmut       0%           100%        5
 Freezing Cloud           Conj/Ice/Air   0%           100%        6
 Simulacrum               Ice/Necr       0%           100%        6


Dungeon Overview and Level Annotations

Branches:
Dungeon (14/15)            Temple (0/1) D:4            Lair (0/6) D:9
    Orc (0/2) D:12         Vaults (0/5) D:14          Sewer (visited)
 Bailey (visited)           IceCv (visited)

Altars:
Ashenzari
Cheibriados
Dithmenos
Gozag
Makhleb
Nemelex Xobeh
Okawaru
Qazlal
Ru
Sif Muna
Xom
Yredelemnul
The Shining One

Shops:
D:4 [:   D:6 [   D:11 (

Portals:
Trove: D:12 (give horn of Geryon)

Annotations:
D:9 exclusion: downstairs
D:13 Sonja


Innate Abilities, Weirdness & Mutations

You are too large for most types of armour.
You have claws for hands.
Your natural rate of healing is unusually fast.
You are covered in fur. (AC +1)
You have extremely tough skin. (AC +3)
You have large cloven feet.
You have a pair of small horns on your head.
You are very agile. (Dex +4)
Scrolls take you a little longer to read.
Armour fits poorly on your strangely shaped body.
You have an increased reservoir of magic. (+10% MP)
You are robust. (+10% HP)


Message History

The fiery explosion engulfs the bullfrog!
Flame seeps out of the bullfrog.
The bullfrog is severely wounded.
The fiery explosion engulfs the human!!
Flame seeps out of the human.
The human is severely wounded.
The human explodes!
The fiery explosion engulfs the bullfrog!!
The fiery explosion engulfs you!!! The fire burns you terribly!
* * * LOW HITPOINT WARNING * * *
The fiery explosion engulfs the human!! x2; Flame seeps out of the human.
The human is almost dead.
The fiery explosion engulfs the human!!
The human explodes!
The fiery explosion engulfs the two-headed ogre!!!
Flame seeps out of the two-headed ogre.
The two-headed ogre is severely wounded.
The fiery explosion engulfs the human!!!
The fiery explosion engulfs you!!! The fire burns you terribly!
You die...
Xom cackles wildly!

###############
#..............
#..............
#....§§po......
....§§§ppc.....
#..§§§@pppe..#
#..§§§§§p....#
#...pOpTp....#
#.....eQ.....#
.......$......+
+...§.........#
.....#+#.......
....Q Q....#.


You could see an orc knight (inner flame), 3 tengu warriors, a centaur warrior
(inner flame), a two-headed ogre (inner flame), a deep troll (inner flame), 2
deep elf pyromancers and 10 humans.

Vanquished Creatures
  A frost giant (D:13)
  Nessos (D:12)
  A white draconian (IceCv)
  2 boulder beetles (D:13)
  A centaur warrior (D:13)
  A death yak (IceCv)
  3 two-headed ogres
  5 skeletal warriors (D:12)
  Pikel (D:9)
  A phantasmal warrior (D:13)
  2 deep elf pyromancers (D:12)
  5 ugly things
  2 cyclopes (D:11)
  A shining eye (D:13)
  A guardian serpent (D:10)
  A centaur zombie (D:11)
  A gargoyle (D:13)
  An ice statue (IceCv)
  Maggie (D:6)
  4 rime drakes
  6 kobold demonologists
  2 queen bees (shapeshifter)
  A hornet (D:10)
  4 trolls
  13 polar bears (IceCv)
  A ynoxinul (D:9)
  6 humans (D:14)
  A shadow (D:12)
  11 yaks (IceCv)
  2 wraiths
  A wyvern (D:13)
  A steam dragon (D:11)
  2 vampire mosquitoes (D:13)
  2 wargs
  2 acid dragons (D:11)
  A soldier ant (D:10)
  A water moccasin (D:13)
  22 orc warriors
  3 ice beasts
  A phantom (D:6)
  A hornet zombie (D:8)
  A necrophage (D:8)
  A black bear (D:10)
  2 sky beasts
  2 ogres (D:5)
  21 wolves (IceCv)
  A centaur (D:6)
  2 lemures (D:9)
  A gnoll sergeant (D:8)
  11 bullfrogs
  2 big kobolds
  A wyvern skeleton (D:13)
  4 scorpions
  3 killer bees
  15 wights
  A lava snake (D:11)
  A howler monkey (D:6)
  A bullfrog zombie (D:12)
  4 quasits (D:6)
  16 orc priests
  9 hounds
  3 jellies
  A bullfrog skeleton (D:11)
  2 centaur skeletons
  3 iguanas
  21 orc wizards
  Natasha (thrice) (D:3)
  A merfolk avatar (Sewer)
  4 worker ants
  A merfolk siren (Sewer)
  3 hound zombies
  A worker ant zombie (D:8)
  Robin (D:2)
  9 gnolls (Bailey)
  14 adders
  2 river rats (Sewer)
  A shadow imp (D:8)
  2 white imps
  An adder skeleton (D:7)
  2 worms
  The ghost of Sonofthefire the Sneak, a weakling OpDe (D:6)
  5 leopard geckos
  54 orcs
  12 ball pythons
  9 giant cockroaches
  22 goblins
  18 hobgoblins
  13 jackals
  7 quokkas
  9 bats
  10 frilled lizards
  A jackal skeleton (D:8)
  35 kobolds
  A quokka skeleton (D:2)
  30 rats
521 creatures vanquished.

Vanquished Creatures (collateral kills)
  An orc wizard (D:12)
  2 kobolds (D:5)
3 creatures vanquished.

Vanquished Creatures (others)
  3 polar bears (IceCv)
  A sky beast (D:6)
  2 wolves (IceCv)
  An orc (D:6)
  2 jackals (D:6)
  13 plants (D:5)
22 creatures vanquished.

Grand Total: 546 creatures vanquished

Notes
Turn   | Place    | Note
-------+----------+-------------------------------------------
     0 | D:1      | schets the Troll Chaos Knight began the quest for the Orb.
     0 | D:1      | Reached XP level 1. HP: 22/22 MP: 0/0
   139 | D:1      | Reached XP level 2. HP: 28/29 MP: 1/1
   144 | D:1      | You fall into a shaft and drop 1 floor!
   199 | D:2      | Reached XP level 3. HP: 37/37 MP: 2/2
   281 | D:2      | XOM: silly message
   291 | D:2      | Found a snail-covered altar of Cheibriados.
   368 | D:2      | Noticed Robin
   371 | D:2      | XOM: potion effect (might)
   372 | D:2      | Reached skill level 4 in Unarmed Combat
   375 | D:2      | XOM: potion effect (might)
   378 | D:2      | Killed Robin
   379 | D:2      | XOM: potion effect (might)
   391 | D:2      | Reached XP level 4. HP: 32/40 MP: 3/3
   456 | D:2      | XOM: silly message
   561 | D:1      | XOM: silly message
   839 | D:1      | XOM: summons 4 hostile shadow creatures
  1060 | D:2      | XOM: give mutation
  1060 | D:2      | Gained mutation: You are weak. (Str -2) [Xom's mischief]
  1222 | D:2      | XOM: summons 3 hostile demons
  1716 | D:3      | Found an opulent altar of Gozag.
  1722 | D:3      | Noticed Natasha
  1724 | D:3      | Killed Natasha
  1725 | D:3      | Reached XP level 5. HP: 48/53 MP: 4/4
  1811 | D:3      | Reached skill level 5 in Unarmed Combat
  1933 | D:3      | XOM is BORED!
  2033 | D:3      | Noticed Natasha
  2037 | D:3      | Killed Natasha
  2047 | D:3      | Found a burning altar of Makhleb.
  2053 | D:3      | XOM: noise
  2054 | D:3      | Found a shimmering blue altar of Sif Muna.
  2317 | D:3      | Found a glowing drain.
  2328 | Sewer    | Entered a sewer
  2451 | Sewer    | Reached XP level 6. HP: 62/62 MP: 5/5
  2512 | Sewer    | XOM: silly message
  2532 | Sewer    | XOM: 1-stop teleportation journey
  2589 | Sewer    | Noticed a shapeshifter
  2589 | Sewer    | a ball python changed into a shapeshifter
  2589 | Sewer    | XOM: polymorph ball python -> shapeshifter
  2589 | Sewer    | Noticed a queen bee
  2589 | Sewer    | a shapeshifter changed into a queen bee
  2595 | Sewer    | Killed a queen bee
  2596 | Sewer    | Reached skill level 6 in Unarmed Combat
  2596 | Sewer    | Reached XP level 7. HP: 58/71 MP: 6/6
  2827 | Sewer    | XOM: give mutation
  2827 | Sewer    | Gained mutation: You are agile. (Dex +2) [Xom's mischief]
  2990 | D:3      | Noticed Natasha
  2994 | D:3      | Killed Natasha
  3354 | D:3      | XOM: draining
  3527 | D:4      | Found a basalt altar of Yredelemnul.
  3579 | D:4      | Reached skill level 7 in Unarmed Combat
  3580 | D:4      | XOM: give mutations
  3580 | D:4      | Gained mutation: You are frail. (-10% HP) [Xom's mischief]
  3580 | D:4      | Gained mutation: You are dopey. (Int -2) [Xom's mischief]
  3580 | D:4      | Lost mutation: You are dopey. (Int -2) [Xom's mischief]
  3769 | D:4      | Found Vimikk's Antique Armour Emporium.
  3774 | D:4      | Bought a kite shield for 121 gold pieces
  3791 | D:4      | XOM: divination: magic mapping
  3798 | D:4      | Found Pismanau's Book Shoppe.
  3834 | D:4      | Found a glowing golden altar of the Shining One.
  3945 | D:4      | Found a staircase to the Ecumenical Temple.
  3983 | D:5      | Entered Level 5 of the Dungeon
  4117 | D:5      | XOM: silly message
  4171 | D:5      | XOM: enchant monster (bad)
  4188 | D:5      | XOM: cast spell 'Shadow Creatures'
  4311 | D:5      | XOM: cast spell 'Olgreb's Toxic Radiance'
  4316 | D:5      | Reached skill level 5 in Fighting
  4316 | D:5      | Reached skill level 1 in Shields
  4437 | D:5      | Reached skill level 8 in Unarmed Combat
  4437 | D:5      | Reached XP level 8. HP: 72/72 MP: 7/7
  4672 | D:5      | XOM: god gift: leather armour {god gift}
  4810 | D:6      | XOM: confuse monster(s)
  4832 | D:6      | XOM: smoke on damage
  4833 | D:6      | Reached skill level 1 in Throwing
  4978 | D:6      | Found Wezim's Armour Shop.
  5104 | D:6      | Found a transporter.
  5119 | D:6      | Found a sparkling altar of Nemelex Xobeh.
  5120 | D:6      | Found an iron altar of Okawaru.
  5122 | D:6      | Found a sacrificial altar of Ru.
  5124 | D:6      | Found a broken altar of Ashenzari.
  5124 | D:6      | Found a shadowy altar of Dithmenos.
  5175 | D:6      | Found a transporter.
  5205 | D:6      | Noticed Sonofthefire's ghost (weakling OpDe)
  5346 | D:6      | XOM: destruction
  5347 | D:6      | Noticed Maggie
  5354 | D:6      | XOM: smoke on damage
  5359 | D:6      | XOM: scenery: 1 doors open
  5363 | D:6      | HP: 2/72 [orc/+0 war axe (11)]
  5681 | D:6      | XOM: enchant monster (bad)
  5692 | D:6      | XOM: cast spell 'Dispersal'
  5700 | D:6      | Killed Maggie
  5995 | D:7      | Found a flagged portal.
  5998 | D:7      | XOM: divination: detect creatures
  6002 | Bailey   | Entered a bailey
  6188 | Bailey   | XOM: divination: detect items
  6314 | Bailey   | Reached XP level 9. HP: 43/80 MP: 8/8
  6318 | Bailey   | XOM: cast spell 'Summon Small Mammal'
  6448 | Bailey   | XOM: divination: detect items
  6459 | Bailey   | XOM: noise
  6465 | Bailey   | Reached skill level 9 in Unarmed Combat
  6475 | Bailey   | XOM: potion effect (invisibility)
  6540 | Bailey   | XOM: potion effect (curing)
  6567 | Bailey   | XOM: silly message
  6637 | Bailey   | XOM: silly message
  6653 | Bailey   | Noticed an orc warlord
  6657 | Bailey   | XOM: divination: detect items
  6665 | Bailey   | XOM: silly message
  6689 | D:7      | XOM: cast spell 'Olgreb's Toxic Radiance'
  7461 | D:8      | XOM: confuse monster(s)
  7463 | D:8      | XOM: swap monsters
  7694 | D:8      | XOM: snakes to sticks
  7736 | D:8      | XOM: blink monster(s)
  7759 | D:8      | XOM: cloud trail
  7860 | D:8      | XOM: fake destruction
  7885 | D:8      | Reached XP level 10. HP: 71/90 MP: 9/9
  8103 | D:9      | XOM: polymorph lemure -> ynoxinul
  8105 | D:9      | Noticed Pikel
  8117 | D:9      | XOM: confuse monster(s)
  8119 | D:9      | XOM: summons friendly shadow imp
  8123 | D:9      | Killed Pikel
  8124 | D:9      | Reached skill level 5 in Throwing
  8188 | D:9      | Reached skill level 5 in Shields
  8273 | D:9      | XOM: god gift: 22 gold pieces
  8392 | D:9      | Found a staircase to the Lair.
  8394 | D:9      | XOM: divination: detect items
  8411 | D:9      | XOM: noise
  8426 | D:8      | Reached skill level 10 in Unarmed Combat
  8940 | D:10     | Entered Level 10 of the Dungeon
  8949 | D:10     | XOM: silly message
  8963 | D:10     | XOM: noise
  8986 | D:10     | XOM: confuse monster(s)
  9107 | D:10     | XOM: 1-stop teleportation journey
  9303 | D:10     | Noticed Fannar
  9308 | D:10     | XOM: cast spell 'Alistair's Intoxication'
  9309 | D:10     | XOM: potion effect (haste)
  9309 | D:10     | XOM: butterfly on damage
  9312 | D:10     | XOM: scenery: summon butterflies
  9488 | D:10     | XOM: butterfly on damage
  9489 | D:10     | XOM: enchant monster (bad)
  9648 | D:10     | XOM: smoke on damage
  9654 | D:9      | XOM: god gift: 22 sling bullets
  9713 | D:10     | XOM: god gift: 44 gold pieces
  9758 | D:10     | Noticed Fannar
  9758 | D:10     | Fannar changed into Fannar the guardian serpent
  9758 | D:10     | XOM: polymorph Fannar -> Fannar the guardian serpent
  9766 | D:10     | Killed Fannar the guardian serpent
  9950 | D:10     | XOM: scenery: create altars
  9986 | D:10     | Paralysed by a hornet for 1 turns
 10412 | D:6      | Upgraded the game from 0.27-a0-203-gd48b2df3c9 to
                  | 0.27-a0-216-g1fbed8a51c
 10478 | D:6      | Killed Sonofthefire's ghost
 10574 | D:11     | Noticed a purple ugly thing
 10574 | D:11     | XOM: swap monsters
 10575 | D:11     | XOM: enchant monster (bad)
 10613 | D:11     | Noticed a two-headed ogre
 10620 | D:11     | Killed a two-headed ogre
 10685 | D:11     | Noticed a cyclops
 10687 | D:11     | XOM: noise
 10691 | D:11     | Killed a cyclops
 10692 | D:11     | Reached XP level 11. HP: 77/99 MP: 10/10
 10763 | D:11     | Found a frozen archway.
 10791 | IceCv    | Entered an ice cave
 10802 | IceCv    | XOM: chaos cloud
 10996 | IceCv    | XOM: summons 1 hostile demon
 11778 | IceCv    | XOM: draining
 11798 | IceCv    | XOM: 1-stop teleportation journey
 11880 | IceCv    | Reached skill level 11 in Unarmed Combat
 12014 | IceCv    | XOM: silly message
 12017 | IceCv    | XOM: confuse monster(s)
 12022 | IceCv    | XOM: summons 3 friendly demons
 12095 | IceCv    | XOM: noise
 12264 | IceCv    | XOM: summons friendly quasit
 12316 | IceCv    | Noticed a death yak
 12328 | IceCv    | XOM: enchant monster (bad)
 12384 | IceCv    | Killed a death yak
 12460 | IceCv    | XOM: 2-stop teleportation journey
 12641 | IceCv    | XOM: fog
 12859 | IceCv    | Noticed a white draconian
 12876 | IceCv    | Killed a white draconian
 12877 | IceCv    | Reached XP level 12. HP: 110/110 MP: 11/11
 12881 | IceCv    | XOM: divination: magic mapping
 12888 | IceCv    | Reached skill level 12 in Unarmed Combat
 12952 | IceCv    | Identified the Papyrus of Snow
 12962 | IceCv    | XOM: give mutations
 12962 | IceCv    | Lost mutation: You are weak. (Str -2) [Xom's mischief]
 12962 | IceCv    | Gained mutation: Armour fits poorly on your strangely
                  | shaped body. [Xom's mischief]
 12962 | IceCv    | Gained mutation: You are very frail. (-20% HP) [Xom's
                  | mischief]
 12982 | IceCv    | XOM: 1-stop teleportation journey
 13175 | D:11     | Found Udwops's Weapon Shop.
 13217 | D:11     | XOM: polymorph jelly -> ball python
 13281 | D:11     | XOM: silly message
 13303 | D:11     | XOM: noise
 13690 | D:11     | XOM: divination: detect items
 13770 | D:11     | XOM: divination: detect creatures
 13786 | D:11     | XOM: divination: detect items
 13975 | D:11     | XOM: cloud trail
 13988 | D:11     | XOM: cast spell 'Olgreb's Toxic Radiance'
 13992 | D:11     | XOM: enchant monster (bad)
 14079 | D:11     | XOM: noise
 14184 | D:11     | XOM: noise
 14392 | D:11     | Lost mutation: You are very frail. (-20% HP) [potion of
                  | mutation]
 14392 | D:11     | Lost mutation: You are frail. (-10% HP) [potion of
                  | mutation]
 14392 | D:11     | Gained mutation: You have large cloven feet. [potion of
                  | mutation]
 14657 | D:12     | Reached skill level 10 in Fighting
 14658 | D:12     | Noticed Nessos
 14683 | D:12     | XOM: summons 6 friendly demons
 14758 | D:12     | XOM: scenery: summon butterflies
 14770 | D:12     | XOM: cleaving
 14777 | D:12     | XOM: blink monster(s)
 14813 | D:12     | Killed Nessos
 14814 | D:12     | Reached skill level 13 in Unarmed Combat
 14914 | D:12     | Found a portal to a secret trove of treasure.
 14968 | D:12     | Noticed a two-headed ogre
 14976 | D:12     | Killed a two-headed ogre
 15093 | D:12     | XOM: silly message
 15315 | D:12     | Reached XP level 13. HP: 119/135 MP: 12/12
 15400 | D:12     | XOM: potion effect (might)
 15599 | D:12     | XOM: cast spell 'Summon Small Mammal'
 15978 | D:12     | Found a staircase to the Orcish Mines.
 16356 | D:3      | XOM: divination: detect items
 16625 | D:13     | XOM: silly message
 16793 | D:13     | XOM: silly message
 16839 | D:13     | Found a stormy altar of Qazlal.
 16875 | D:13     | XOM: 1-stop teleportation journey
 16961 | D:13     | XOM: enchant monster (bad)
 16995 | D:13     | Reached skill level 1 in Armour
 17147 | D:13     | XOM: give mutation
 17147 | D:13     | Gained mutation: Scrolls take you a little longer to read.
                  | [Xom's mischief]
 17150 | D:13     | Noticed Sonja
 17174 | D:13     | Noticed a fire dragon
 17174 | D:13     | a deep troll earth mage changed into a fire dragon
 17174 | D:13     | XOM: polymorph deep troll earth mage -> fire dragon
 17232 | D:13     | XOM: summons 3 hostile demons
 17352 | D:13     | XOM: silly message
 17368 | D:13     | XOM: cast spell 'Cause Fear'
 17370 | D:13     | XOM: polymorph seven-headed hydra -> shining eye
 17372 | D:13     | Noticed a frost giant
 17380 | D:13     | Killed a frost giant
 17425 | D:13     | XOM: stat loss: -1 Int (7/8)
 17452 | D:13     | XOM: give mutations
 17452 | D:13     | Gained mutation: You are robust. (+10% HP) [Xom's grace]
 17452 | D:13     | Gained mutation: You are very agile. (Dex +4) [Xom's grace]
 17452 | D:13     | Gained mutation: You have a pair of small horns on your
                  | head. [Xom's grace]
 17452 | D:13     | Gained mutation: You have an increased reservoir of magic.
                  | (+10% MP) [Xom's grace]
 17749 | D:13     | XOM: god gift: scroll of enchant armour
 17787 | D:14     | Found a gate to the Vaults.
 17788 | D:14     | XOM: cast spell 'Shadow Creatures'
 17790 | D:14     | XOM: enchant monster (good)
 17792 | D:14     | XOM: summons friendly white imp
 17795 | D:14     | Killed by an exploding a human... exploding inner flame

Illustrated notes

Levels and vault maps discovered:
D:1:      co_arrival_random_square_maze, layout_basic, serial_glass,
          glass_columns_a, glass_columns_b, minmay_pentomino_w2
D:2:      layout_loops_corners, old_standard_altar, uniq_robin
D:3:      layout_basic, nicolae_gozag_cash_rules_everything_around_me,
          amethyst_overflow_temple_binary, cheibrodos_sewer_entry_bend,
          due_unseen_surprise, uniq_natasha
D:4:      layout_gridville, nicolae_tso_swordbearing_angel,
          yredelemnul_altar_generic, minmay_temple_entry_overgrown,
          serial_shops, nicolae_shop_crystal, kennysheep_mini_moat,
          minmay_snake_closets
D:5:      kennysheep_kobold_camp, layout_rooms
D:6:      layout_basic, grunt_temple_overflow_open, gammafunk_ghost_stat_death,
          serial_shops, kennysheep_mini, uniq_maggie
D:7:      layout_rooms, enter_bailey_2, hangedman_decor_growths,
          chequers_hall_statues_wall_a
D:8:      layout_cave_pools, minmay_bent
D:9:      layout_loops_cross, erik_lair_orcish_takeover, uniq_pikel
D:10:     layout_rooms, hangedman_pestilent_swarm, minmay_circle_x, uniq_fannar
D:11:     layout_basic, portal_ice_cave_rime, serial_shops, shop_fountains,
          kennysheep_generic_room_4
D:12:     layout_long_grid, david_orc_4, nicolae_trove_entry_free_sample,
          kennysheep_generic_room_3, uniq_nessos
D:13:     minmay_glassy_protrusions, layout_loops_ring,
          nicolae_qazlal_style_of_elements, uniq_sonja
D:14:     layout_basic, david_vaults_3, minmay_misc_feat_iff

Skill      XL: |  1  2  3  4  5  6  7  8  9 10 11 12 13 |
---------------+----------------------------------------+-----
Fighting       | 3 4 5 6 8 9 10 11 | 11.2
Unarmed Combat | 4 5 6 8 9 10 11 13 | 13.8
Shields        | 1 3 4 6 7 9 |  9.0
Throwing       | 2 4 6 7 |  7.5
Armour         | 2 |  2.2
Dodging        | |  1.9

Action                   |  1- 3 |  4- 6 |  7- 9 | 10-12 | 13-15 || total
-------------------------+-------+-------+-------+-------+-------++-------
Melee: Unarmed           |    74 |   235 |   439 |   704 |   191 ||  1643
       Punch             |     1 |     5 |     2 |       |       ||     8
       Kick              |       |       |       |    35 |    68 ||   103
Throw: Dart              |       |     1 |    16 |     7 |       ||    24
       Large rock        |       |       |       |    21 |    17 ||    38
Evoke: Wand              |       |       |    28 |     1 |     2 ||    31
  Use: Scroll            |       |     4 |     6 |    18 |     4 ||    32
       Potion            |       |       |     6 |     7 |     1 ||    14
 Stab: Sleeping          |     2 |     2 |     5 |       |     1 ||    10
       Confused          |       |       |     1 |     4 |       ||     5
       Invisible         |       |       |     1 |     2 |       ||     3
       Paralysed         |       |       |     1 |       |       ||     1
       Distracted        |       |       |       |     1 |       ||     1
       Petrified         |       |       |       |    13 |       ||    13
Armor: Robe              |    39 |   111 |    90 |       |       ||   240
       Steam dragon scal |       |       |    57 |   186 |       ||   243
       Pearl dragon scal |       |       |       |   106 |    64 ||   170
Dodge: Dodged            |    38 |   110 |   148 |   230 |    41 ||   567
Block: Kite shield       |       |       |   126 |   348 |    82 ||   556
       Reflection        |       |       |       |       |     2 ||     2

Table legend: (Time is in decaauts)
 A = Elapsed time spent in this place.
 B = Non-inter-level travel time spent in this place.
 C = Inter-level travel time spent in this place.
 D = Time resting spent in this place.
 E = Time spent auto-exploring this place.
 F = Levels seen in this place.
 G = Mean time per level.
                   A        B        C        D        E       F      G
               +--------+--------+--------+--------+--------+-----+--------+
         Total |  17693 |  16592 |   1101 |   5203 |   6955 |  17 | 1040.8 |
       Dungeon |  14083 |  12982 |   1101 |   3327 |   6758 |  14 | 1005.9 |
         Sewer |    577 |    577 |      0 |    216 |    156 |   1 |  577.0 |
        Bailey |    676 |    676 |      0 |    348 |     40 |   1 |  676.0 |
      Ice Cave |   2356 |   2356 |      0 |   1312 |      0 |   1 | 2356.0 |
               +--------+--------+--------+--------+--------+-----+--------+

Top non-repeatable levels by time:
   IceCv: 2356 daAuts
    D:11: 1641 daAuts
    D:12: 1613 daAuts
     D:3: 1300 daAuts
    D:13: 1216 daAuts
     D:9: 1182 daAuts
    D:10: 1130 daAuts
     D:5: 1116 daAuts
     D:6: 1061 daAuts
     D:2: 1046 daAuts
     D:8: 889 daAuts
     D:7: 730 daAuts
  Bailey: 676 daAuts
     D:1: 639 daAuts
   Sewer: 577 daAuts
